 Dungeon Crawl Stone Soup version 0.22.1-1-ga44c0e5 (webtiles) character file.

1941 brandon the Magician (level 8, 0/45 HPs)
             Began as a Deep Elf Fire Elementalist on Oct 9, 2018.
             Was an Initiate of Vehumet.
             Killed from afar by a crimson imp (5 damage)
             ... with a wand of flame (24)
             ... on level 6 of the Dungeon.
             The game lasted 00:17:38 (6508 turns).

brandon the Magician (Deep Elf Fire Elementalist)   Turns: 6508, Time: 00:17:39

Health: 0/45       AC:  3    Str:  5    XL:     8   Next: 98%
Magic:  21/21      EV: 13    Int: 23    God:    Vehumet [......]
Gold:   166        SH:  5    Dex: 17    Spells: 6/21 levels left

rFire    + . .     SeeInvis .   x - +0 war axe
rCold    + . .     Gourm    .   f - +0 buckler
rNeg     . . .     Faith    .   a - +0 robe
rPois    .         Spirit   .   (no helmet)
rElec    .         Reflect  .   q - scarf {rC+ rF+}
rCorr    .         Harm     .   (no gloves)
MR       .....                  n - +0 pair of boots
Stlth    ++........             (no amulet)
HPRegen  0.15/turn              m - +2 ring of dexterity
MPRegen  0.17/turn              (no ring)

@: no status effects
A: no striking features
a: Renounce Religion


You were on level 6 of the Dungeon.
You worshipped Vehumet.
Vehumet was noncommittal.
You were not hungry.

You visited 2 branches of the dungeon, and saw 8 of its levels.

You collected 166 gold pieces.

Inventory:

Hand Weapons
 x - a +0 war axe (weapon)
Armour
 a - a +0 robe (worn)
 f - a +0 buckler (worn)
 n - a +0 pair of boots (worn)
 q - a scarf of resistance (worn)
Jewellery
 m - a +2 ring of dexterity (left hand)
Wands
 e - a wand of random effects (14)
Scrolls
 g - 2 scrolls of magic mapping
 h - 2 scrolls of remove curse
 k - 2 scrolls of noise
 l - a scroll of fog
 o - a scroll of teleportation {unknown}
 r - a scroll of fear {unknown}
 s - a scroll of blinking {unknown}
 v - a scroll of identify
Potions
 d - a potion of resistance
 i - a potion of haste {unknown}
 j - a potion of flight
 t - 3 potions of cancellation
 u - 2 potions of curing
 w - a potion of degeneration {unknown}
Comestibles
 c - 9 rations


   Skills:
 + Level 2.7 Fighting
 - Level 2.4 Dodging
 - Level 2.4 Stealth
 - Level 4.0 Shields
 + Level 7.4 Spellcasting
 * Level 7.1 Conjurations
 + Level 6.6 Fire Magic


You had 6 spell levels left.
You knew the following spells:

 Your Spells              Type           Power        Failure   Level  Hunger
a - Flame Tongue          Conj/Fire      #####        1%          1    None
b - Throw Flame           Conj/Fire      #####.       1%          2    None
c - Conjure Flame         Conj/Fire      #####...     1%          3    None
d - Sticky Flame          Conj/Fire      #####...     4%          4    ###....
e - Fireball              Conj/Fire      #####.....   12%         5    #####..

Your spell library contained the following spells:

 Spells                   Type           Power        Failure   Level  Hunger
 Inner Flame              Hex/Fire       ###.....     5%          3    None
 Confusing Touch          Hex            #.....       8%          1    None
 Confuse                  Hex            #.......     22%         3    None
 Gell's Gravitas          Tloc           #.........   22%         3    None
 Petrify                  Tmut/Erth      #.......     58%         4    ###....
 Metabolic Englaciation   Hex/Ice        #.........   90%         5    #####..
 Yara's Violent Unravell  Hex/Tmut       #.........   90%         5    #####..


Dungeon Overview and Level Annotations

Branches:
Dungeon (7/15)             Temple (1/1) D:6

Altars:
Ashenzari
Dithmenos
Fedhas
Hepliaklqana
Kikubaaqudgha
Okawaru
Sif Muna
Trog
Uskayaw
Vehumet
Xom

Annotations:
D:6 Duvessa


Message History

The puff of flame hits you! You resist.
* * * LOW HITPOINT WARNING * * *
You hit the crimson imp.
The crimson imp is moderately wounded.
You hit the crimson imp.
The crimson imp blinks!
The crimson imp hits you.
* * * LOW HITPOINT WARNING * * *
Unknown command.
You barely miss the crimson imp.
The crimson imp is lightly wounded.
The crimson imp closely misses you. The crimson imp hits you.
* * * LOW HITPOINT WARNING * * *
Unknown command.
You hit the crimson imp.
The crimson imp is lightly wounded.
The crimson imp completely misses you.
The crimson imp blinks!
Unknown command.
You hit the crimson imp.
The crimson imp is moderately wounded.
The crimson imp zaps a wand.
The puff of flame hits you! You resist.
You die...

###.##### #.# ### # #.########
#.# ##.## # #.##.....#
#.###########.#.#### #
#.##.###.###..........5.###....
###.##.##.........########.#.####
....##.##......##.........#.##
.......##..###.##########.### #
##>######......[..### #.# # #.#
#.####.)@...#####.## # #.#### #.#
###5..........# # #.#.. ..#
#....#####..# # ##.#.# ##.#
####.# #..# ...#.####.# #.#
#..###### #.........#########.#
#..##.... #...................#
#.>#...## ####.###.########.###
#.......# # #.# #.# #.# #........


You could see a crimson imp.

Vanquished Creatures
  Edmund (D:4)
  3 orc warriors (D:6)
  A sky beast (D:6)
  A black bear (D:6)
  An ice beast (D:2)
  A phantom (D:6)
  4 ogres
  2 centaurs
  Blork the orc (D:5)
  2 scorpions
  A howler monkey (D:3)
  An orc priest (D:6)
  A bullfrog skeleton (D:4)
  4 orc wizards
  4 worker ants
  Robin (D:4)
  7 adders
  A howler monkey skeleton (D:7)
  2 oozes
  An adder skeleton (D:6)
  2 worms (D:3)
  3 dart slugs
  3 leopard geckos
  17 orcs
  A ball python (D:4)
  2 giant cockroaches (D:2)
  14 goblins
  6 hobgoblins
  5 jackals (D:4)
  6 quokkas
  15 bats
  7 frilled lizards
  7 kobolds
  2 quokka skeletons
  11 rats
141 creatures vanquished.

Notes
Turn   | Place    | Note
-------+----------+-------------------------------------------
     0 | D:1      | brandon the Deep Elf Fire Elementalist began the quest for
                  | the Orb.
     0 | D:1      | Reached XP level 1. HP: 10/10 MP: 6/6
   313 | D:1      | Reached XP level 2. HP: 14/15 MP: 0/8
   320 | D:1      | Learned a level 2 spell: Throw Flame
   857 | D:2      | Reached XP level 3. HP: 19/19 MP: 7/10
   862 | D:2      | Learned a level 3 spell: Conjure Flame
  1039 | D:2      | Reached skill level 1 in Shields
  1294 | D:2      | Found a faded altar of an unknown god.
  1295 | D:2      | Noticed an ice beast
  1303 | D:2      | Killed an ice beast
  1303 | D:2      | Reached XP level 4. HP: 5/24 MP: 2/12
  1303 | D:2      | Reached XP level 5. HP: 6/28 MP: 2/13
  1550 | D:2      | Learned a level 4 spell: Sticky Flame
  2178 | D:2      | Reached XP level 6. HP: 10/32 MP: 3/14
  3332 | D:4      | Reached skill level 5 in Spellcasting
  3400 | D:4      | Noticed Robin
  3686 | D:3      | Learned a level 5 spell: Fireball
  3698 | D:4      | Reached XP level 7. HP: 36/36 MP: 8/16
  3809 | D:4      | Noticed Edmund
  3829 | D:4      | Killed Edmund
  3829 | D:4      | Reached skill level 5 in Fire Magic
  3923 | D:4      | Killed Robin
  4211 | D:5      | Entered Level 5 of the Dungeon
  4211 | D:5      | Noticed Blork the orc
  4214 | D:5      | Killed Blork the orc
  4343 | D:5      | Reached skill level 1 in Fighting
  4343 | D:5      | Reached skill level 5 in Conjurations
  4351 | D:5      | Found a hide-covered altar of Uskayaw.
  4380 | D:5      | Reached XP level 8. HP: 43/43 MP: 12/19
  4500 | D:5      | Found a hide-covered altar of Uskayaw.
  4500 | D:5      | Found an iron altar of Okawaru.
  4501 | D:5      | Found a shadowy altar of Dithmenos.
  4510 | D:5      | Found a hazy altar of Hepliaklqana.
  6026 | D:6      | Found a staircase to the Ecumenical Temple.
  6033 | Temple   | Entered the Ecumenical Temple
  6066 | Temple   | Became a worshipper of Vehumet
  6406 | D:6      | Noticed Duvessa
  6508 | D:6      | Killed from afar by a crimson imp

Skill      XL: |  1  2  3  4  5  6  7  8 |
---------------+-------------------------+-----
Conjurations   | 2 3 4 5 7 |  7.1
Shields        | 2 3 4 |  4.0
Spellcasting   | 4 5 6 7 |  7.4
Fire Magic     | 4 5 6 |  6.6
Fighting       | 1 2 |  2.7
Dodging        | |  2.4
Stealth        | |  2.4

Action                   |  1- 3 |  4- 6 |  7- 9 || total
-------------------------+-------+-------+-------++-------
Melee: Club              |    10 |     3 |     1 ||    14
       War axe           |       |       |   167 ||   167
       Whip              |       |       |    47 ||    47
       Short sword       |       |       |    16 ||    16
 Cast: Flame Tongue      |    52 |    89 |    67 ||   208
       Throw Flame       |    16 |    18 |    18 ||    52
       Sticky Flame      |       |     2 |    16 ||    18
       Conjure Flame     |       |     1 |     1 ||     2
       Fireball          |       |       |     1 ||     1
  Use: Scroll            |       |     5 |     4 ||     9
  Eat: Chunk             |     2 |     7 |     8 ||    17
       Ration            |       |       |     1 ||     1
Armor: Robe              |    11 |     9 |    52 ||    72
Dodge: Dodged            |    40 |    32 |   139 ||   211
Block: Buckler           |     5 |    15 |    67 ||    87
